 Dungeon Crawl Stone Soup version 0.18.1-50-g88ac8fd (webtiles) character file.

1151 RudyRod the Ducker (level 8, -3/55 HPs)
             Began as a Demonspawn Wizard on Oct 24, 2016.
             Slain by an iguana (10 damage)
             ... on level 5 of the Dungeon.
             The game lasted 00:34:40 (7310 turns).

RudyRod the Ducker (Demonspawn Wizard)              Turns: 7310, Time: 00:34:41

Health: -3/55      AC:  4    Str:  7    XL:     8   Next: 15%
Magic:  0/15       EV: 16    Int: 26    God:
Gold:   261        SH:  0    Dex: 13    Spells: 3 memorised, 11 levels left

rFire  . . .     SeeInvis .     j - +2 spear (pierce)
rCold  . . .     Gourm    .     I - +0 robe (curse)
rNeg   . . .     Faith    .     (no shield)
rPois  .         Spirit   +     J - +0 helmet
rElec  .         Dismiss  .     x - +0 cloak
rCorr  .         Reflect  .     (no gloves)
SustAt .         Harm     .     (no boots)
MR     .....                    v - amulet of rage
Stlth  ++........               (no ring)
                                (no ring)

@: brilliant, lethally poisoned (-3 -> -4), not resistant to hostile
enchantments, unstealthy
A: hooves 1, repulsion field 1, demonic guardian 1, magic shield
a: Evoke Berserk Rage


You were on level 5 of the Dungeon.
You were not hungry.

You visited 1 branch of the dungeon, and saw 5 of its levels.

You collected 261 gold pieces.

Inventory:

Hand Weapons
 j - a +2 spear of piercing (weapon)
 w - a +4 quarterstaff of chaos
Armour
 a - a +0 robe
 b - a +0 hat
 x - a +0 cloak (worn)
 I - a cursed +0 robe (worn)
 J - a +0 helmet (worn)
Jewellery
 v - an amulet of rage (around neck)
Wands
 f - a wand of slowing (24/48)
 A - a wand of flame (0/48)
 G - a wand of lightning (6/15)
Scrolls
 e - 3 scrolls of remove curse
 h - 6 scrolls of identify
 i - 2 scrolls of blinking
 k - a scroll of magic mapping {unknown}
 r - a scroll of immolation {unknown}
 s - 2 scrolls of recharging {unknown}
 y - a scroll of enchant armour {unknown}
 B - 3 scrolls of amnesia {unknown}
 D - a scroll of teleportation
 L - a scroll of vulnerability {unknown}
Potions
 g - 2 potions of brilliance
 o - a potion of resistance {unknown}
 p - a potion of magic {unknown}
 u - 2 potions of agility {unknown}
 z - a potion of flight {unknown}
 C - a potion of ambrosia {unknown}
 H - 2 potions of heal wounds {unknown}
Books
 c - a book of Minor Magic

   Spells                             Type                      Level
   a - Magic Dart                     Conjuration                  1
   b - Blink                          Translocation                2
   c - Call Imp                       Summoning                    2
   d - Repel Missiles                 Charms/Air                   2
   e - Slow                           Hexes                        2
   f - Conjure Flame                  Conjuration/Fire             3
   g - Mephitic Cloud                 Conjuration/Poison/Air       3
 F - a book of Transfigurations

   Spells                             Type                      Level
   a - Irradiate                      Conjuration/Transmutation    5
   b - Statue Form                    Transmutation/Earth          6
   c - Hydra Form                     Transmutation                6
   d - Dragon Form                    Transmutation                7
Comestibles
 d - 3 bread rations
 n - 2 fruits
 q - a beef jerky
 E - a slice of pizza


   Skills:
 + Level 1.7 Fighting
 + Level 1.5 Polearms
 * Level 2.5 Armour
 * Level 5.2 Dodging
 * Level 2.8 Stealth
 + Level 4.8 Spellcasting
 * Level 4.4 Conjurations
 + Level 1.0 Summonings
 * Level 1.4 Translocations


You had 11 spell levels left.
You knew the following spells:

 Your Spells              Type           Power        Failure   Level  Hunger
a - Magic Dart            Conj           ####         1%          1    None
b - Call Imp              Summ           ####....     1%          2    None
c - Blink                 Tloc           N/A          1%          2    None


Dungeon Overview and Level Annotations

Branches:
Dungeon (5/15)
 Temple: D:4-7

Altars:
Cheibriados
Dithmenos
Fedhas
Gozag
Kikubaaqudgha
Nemelex Xobeh
Pakellas
Trog
The Shining One

Annotations:
D:4 1 runed door
D:5 Duvessa, Eustachio


Innate Abilities, Weirdness & Mutations

You have large cloven feet.
You are surrounded by a mild repulsion field (EV +2).
A weak demonic guardian rushes to your aid.
When hurt, damage is shared between your health and your magic reserves.


Message History

The iguana is heavily wounded.
The iguana misses you.
Casting: Magic Dart
Confirm with . or Enter, or press ? or * to list all spells.
You don't have enough magic to cast that spell.
Unknown command.
You closely miss the iguana.
The iguana is heavily wounded.
The iguana bites you!
* * * LOW HITPOINT WARNING * * *
You barely miss the iguana.
The iguana is heavily wounded.
You feel sick. The iguana misses you.
You hit the iguana but do no damage.
The iguana is heavily wounded.
The iguana closely misses you.
You barely miss the iguana.
The iguana is heavily wounded.
The iguana bites you!
You die...

..........#.#....#.#..#...e.o...<
###########.##..##.#..#.#########
#........#.............
####''####.##.######.5l
#.).....##.# ###b.§ #.#.#......#
#...r§ #.#.#.#....# #@....
#.#.#.#....# #..... ..#@#...##.#
#..... ...#####l##..##.# ######
....lo)..##..##.#
...########..##.# #.......#
#######.##### #...##<>....#
#_..'.#.....# #######...#.......#


You could see an iguana.

Vanquished Creatures
  Purgy (D:3)
  An ogre (D:4)
  A giant frog (D:5)
  A scorpion (D:4)
  Crazy Yiuf (D:2)
  4 orc priests (D:5)
  A giant frog skeleton (D:4)
  Jessica (D:3)
  Natasha (thrice) (D:3)
  3 orc wizards (D:5)
  5 worker ants
  17 adders
  A shadow imp (D:5)
  3 oozes
  An adder skeleton (D:4)
  4 worms
  3 dart slugs
  3 giant geckos
  12 orcs
  3 giant cockroaches
  7 goblins
  4 hobgoblins
  19 jackals
  6 kobolds
  4 quokkas
  2 ball pythons
  13 bats
  A giant gecko skeleton (D:4)
  3 giant newts
  4 rats
132 creatures vanquished.

Vanquished Creatures (collateral kills)
  Grinder (D:3)
  An adder (D:5)
2 creatures vanquished.

Grand Total: 134 creatures vanquished

Notes
Turn   | Place    | Note
--------------------------------------------------------------
     0 | D:1      | RudyRod the Demonspawn Wizard began the quest for the Orb.
     0 | D:1      | Reached XP level 1. HP: 13/13 MP: 4/4
   207 | D:1      | Gained mutation: You are surrounded by a mild repulsion field (EV +2). [demonic ancestry]
   207 | D:1      | Reached XP level 2. HP: 4/19 MP: 6/6
   621 | D:1      | Reached skill level 2 in Dodging
   988 | D:1      | Gained mutation: A weak demonic guardian rushes to your aid. [demonic ancestry]
   988 | D:1      | Reached XP level 3. HP: 24/24 MP: 6/8
  1574 | D:2      | Reached XP level 4. HP: 30/30 MP: 5/9
  1903 | D:2      | Learned a level 2 spell: Call Imp
  1959 | D:2      | Found a bloodstained altar of Trog.
  2019 | D:2      | You fall through a shaft for 2 floors!
  2031 | D:4      | Found a blossoming altar of Fedhas.
  2146 | D:3      | Found a glowing golden altar of the Shining One.
  2430 | D:2      | Reached XP level 5. HP: 36/36 MP: 4/11
  2550 | D:2      | Noticed Crazy Yiuf
  2705 | D:2      | Killed Crazy Yiuf
  2705 | D:2      | Reached skill level 1 in Armour
  3210 | D:3      | Noticed Jessica
  3222 | D:3      | Killed Jessica
  3343 | D:3      | Noticed Purgy
  3364 | D:3      | Killed Purgy
  3364 | D:3      | Reached skill level 1 in Polearms
  3364 | D:3      | Reached skill level 3 in Dodging
  3364 | D:3      | Gained mutation: You have large cloven feet. [demonic ancestry]
  3364 | D:3      | Reached XP level 6. HP: 38/42 MP: 10/12
  3434 | D:3      | Found an opulent altar of Gozag.
  3434 | D:3      | Noticed Natasha
  3494 | D:3      | Noticed Grinder
  3590 | D:3      | Killed Grinder
  3590 | D:3      | Reached skill level 1 in Fighting
  3690 | D:3      | Reached skill level 4 in Dodging
  4016 | D:3      | Found an oddly glowing altar of Pakellas.
  4103 | D:3      | Killed Natasha
  4166 | D:3      | Noticed Natasha
  4179 | D:3      | Killed Natasha
  4179 | D:3      | Gained mutation: When hurt, damage is shared between your health and your magic reserves. [demonic ancestry]
  4179 | D:3      | Reached XP level 7. HP: 22/48 MP: 13/13
  4474 | D:3      | Found an ancient bone altar of Kikubaaqudgha.
  4476 | D:3      | Found a snail-covered altar of Cheibriados.
  4529 | D:3      | Noticed Natasha
  4538 | D:3      | Killed Natasha
  4664 | D:4      | Found a glowing golden altar of the Shining One.
  4665 | D:4      | Found a runed door.
  4665 | D:4      | Noticed an angel
  4897 | D:4      | Found a sparkling altar of Nemelex Xobeh.
  5624 | D:5      | Entered Level 5 of the Dungeon
  5955 | D:5      | Learned a level 2 spell: Blink
  6212 | D:5      | Reached skill level 5 in Dodging
  6212 | D:5      | Reached skill level 1 in Translocations
  6307 | D:5      | Noticed Duvessa
  6546 | D:5      | Found a shadowy altar of Dithmenos.
  6599 | D:5      | Reached XP level 8. HP: 52/54 MP: 9/15
  6915 | D:5      | Noticed Eustachio
  7310 | D:5      | Slain by an iguana

Skill      XL: |  1  2  3  4  5  6  7 |
---------------+----------------------+-----
Dodging        | 2 3 4 5 |  5.2
Stealth        | 2 |  2.8
Spellcasting   | 4 |  4.8
Conjurations   | 2 3 4 |  4.4
Armour         | 1 2 |  2.5
Polearms       | 1 |  1.5
Fighting       | 1 |  1.7
Translocations | 1 |  1.4
Summonings     | |  1.0

Action                   |  1- 3 |  4- 6 |  7- 9 || total
-------------------------+-------+-------+-------++-------
Melee: Spear             |    47 |    86 |   171 ||   304
       Kick              |       |     4 |    23 ||    27
 Cast: Magic Dart        |    60 |   124 |    80 ||   264
  Use: Potion            |       |     4 |     3 ||     7
       Scroll            |       |     3 |     5 ||     8
 Stab: Sleeping          |     1 |       |     2 ||     3
       Distracted        |       |       |     1 ||     1
  Eat: Chunk             |     1 |     7 |     6 ||    14
       Fruit             |     1 |       |     1 ||     2
       Pizza             |       |     1 |       ||     1
       Beef jerky        |       |       |     1 ||     1
       Meat ration       |       |       |     1 ||     1
Armor: Robe              |     6 |    12 |    28 ||    46
       Skin              |       |    57 |    10 ||    67
Dodge: Dodged            |    22 |    50 |   110 ||   182
